 Dungeon Crawl Stone Soup version 0.25.1-2-g60ff931df9 (webtiles) character file.

Game seed: 6292800282530502372

206 Erymatos the Chopper (level 5, 0/47 HPs)
             Began as a Minotaur Berserker on Oct 31, 2020.
             Was a Believer of Trog.
             Succumbed to Sigmund's poison
             ... on level 4 of the Dungeon.
             The game lasted 00:13:23 (2267 turns).

Erymatos the Chopper (Minotaur Berserker)           Turns: 2267, Time: 00:13:23

Health: 0/47       AC:  8    Str: 23    XL:     5   Next: 53%
Magic:  4/4        EV: 12    Int:  4    God:    Trog [**....]
Gold:   54         SH:  0    Dex:  9    Spells: 4/4 levels left

rFire    . . .     SeeInvis .   a - +0 hand axe
rCold    . . .     Gourm    .   (no shield)
rNeg     . . .     Faith    .   p - +3 leather armour
rPois    .         Spirit   .   (helmet restricted)
rElec    .         Reflect  .   m - +0 cloak
rCorr    .         Harm     .   (no gloves)
MR       .....                  l - +0 pair of boots
Stlth    +.........             j - amulet of the acrobat
HPRegen  0.15/turn              (no ring)
MPRegen  0.09/turn              (no ring)

@: lethally poisoned (0 -> -29), berserk cooldown, slowed, very slow
A: retaliatory headbutt, horns 2
a: Berserk, Trog's Hand, Renounce Religion


You were on level 4 of the Dungeon.
You worshipped Trog.
Trog was pleased with you.
You were very hungry.

You visited 1 branch of the dungeon, and saw 3 of its levels.

You collected 124 gold pieces.
You spent 70 gold pieces at shops.

Inventory:

Hand Weapons
 a - a +0 hand axe (weapon)
Armour
 l - a +0 pair of boots (worn)
 m - a +0 cloak (worn)
 p - a +3 leather armour (worn)
 s - a +2 cloak
 t - a +0 plate armour
Jewellery
 j - an amulet of the acrobat (around neck)
Scrolls
 d - a scroll of enchant weapon {unknown}
 e - a scroll of blinking {unknown}
 g - a scroll of amnesia {unknown}
 h - 2 scrolls of remove curse {unknown}
 i - 2 scrolls of identify {unknown}
 k - a scroll of immolation {unknown}
 q - a scroll of enchant armour {unknown}
Potions
 b - 2 potions of heal wounds
 f - a potion of mutation {unknown}
 n - 3 potions of lignification {unknown}
 r - a potion of might {unknown}
Comestibles
 c - 2 rations
 o - 2 chunks of flesh


   Skills:
 + Level 4.8 Fighting
 * Level 6.4 Axes
 + Level 2.6 Armour
 + Level 2.9 Dodging


You had 4 spell levels left.
You didn't know any spells.
Your spell library was empty.

Dungeon Overview and Level Annotations

Branches:
Dungeon (4/15)             Temple (0/1) D:4

Altars:
Dithmenos

Shops:
D:4 !

Annotations:
D:4 Sigmund


Innate Abilities, Weirdness & Mutations

You reflexively headbutt those who attack you in melee.
You have a pair of horns on your head.


Message History

You bump into the rock wall.
Something hits you!
You feel less confused. Something closely misses you.
You closely miss something. You headbutt something.
You feel sick. Something hits you!
* * * LOW HITPOINT WARNING * * *
You are lethally poisoned!
You miss something.
* * * LOW HITPOINT WARNING * * *
You feel sick. Something hits you.
* * * LOW HITPOINT WARNING * * *
You are more poisoned.
You closely miss something.
* * * LOW HITPOINT WARNING * * *
You feel very sick. Something hits you.
* * * LOW HITPOINT WARNING * * *
You are more poisoned.
You slash something! Your headbutt misses something.
You die...

....#....'............###'###
...######............#.....#
.....................#.....#
#..................#.....# ......
+.(................#.##..# ......
#....∩............##'##..# ..>...
#......#####......#..#...# ......
#......#.{.#......#..#...# ⌠.⌠.⌠.
#......'.@.#......#..#...#
8.8.8.##......#.###......#####..#
........#######.# ###........####
......).+ ... #........#
......)<# ..... #........#
.......># ######. #.^......#
........# ..#####........#
)......(######..#............#
.>......#.......#............#


There were no monsters in sight!

Vanquished Creatures
  A phantom (D:4)
  A worker ant (D:4)
  3 gnolls (D:4)
  An adder (D:4)
  An ooze (D:1)
  An adder skeleton (D:4)
  3 worms
  2 leopard geckos
  4 goblins
  4 hobgoblins (D:1)
  2 jackals (D:1)
  2 ball pythons (D:2)
  6 bats (D:1)
  A frilled lizard (D:1)
  4 kobolds (D:1)
  7 rats
43 creatures vanquished.

Notes
Turn   | Place    | Note
-------+----------+-------------------------------------------
     0 | D:1      | Erymatos the Minotaur Berserker began the quest for the
                  | Orb.
     0 | D:1      | Reached XP level 1. HP: 19/19 MP: 0/0
   361 | D:1      | Reached skill level 4 in Axes
   434 | D:1      | Reached XP level 2. HP: 27/27 MP: 1/1
   723 | D:1      | Reached XP level 3. HP: 30/33 MP: 2/2
   867 | D:1      | Reached ** piety under Trog
  1391 | D:2      | Found a shadowy altar of Dithmenos.
  1463 | D:2      | You fall into a shaft and drop 2 floors!
  1477 | D:4      | Reached skill level 5 in Axes
  1491 | D:4      | Noticed a phantom
  1513 | D:4      | Reached XP level 4. HP: 10/40 MP: 3/3
  1516 | D:4      | Killed a phantom
  1516 | D:4      | Reached skill level 6 in Axes
  1516 | D:4      | Reached XP level 5. HP: 8/47 MP: 4/4
  1871 | D:4      | Found a staircase to the Ecumenical Temple.
  1884 | D:4      | Found Wanwue's Distillery.
  2002 | D:4      | Bought a potion of heal wounds for 70 gold pieces
  2236 | D:4      | Noticed Sigmund
  2267 | D:4      | Succumbed to Sigmund's poison

Illustrated notes

Levels and vault maps discovered:
D:1:      dpeg_arrival_leaves_temple_mockup, layout_loops_ring
D:2:      layout_basic, nicolae_dithmenos_shadow_blocks
D:4:      cheibrodos_old_hovel, layout_gridville,
          minmay_temple_entry_drinking_statues, serial_shops, shop,
          first_ration, uniq_sigmund

Skill      XL: |  1  2  3  4 |
---------------+-------------+-----
Axes           | 4 5 6 |  6.4
Fighting       | 4 |  4.8
Armour         | |  2.6
Dodging        | |  2.9

Action                   |  1- 3 |  4- 6 || total
-------------------------+-------+-------++-------
Melee: Hand axe          |    81 |    43 ||   124
       Headbutt          |    11 |     4 ||    15
Invok: Berserk           |     1 |     1 ||     2
 Stab: Sleeping          |     2 |       ||     2
  Eat: Chunk             |     2 |     3 ||     5
Armor: Animal skin       |    14 |       ||    14
       Leather armour    |       |     7 ||     7
Dodge: Dodged            |    64 |    20 ||    84
